AoeStats
← 739697286

Black Forest

508194661Analyzed
4v4 RM · 12d ago on Sep 21, 2026· 49m 5s· 8 players
Game mode
Random Map
Map size
Large (8 player)
Population
200
Speed
Normal
Resources
Standard
Victory
Conquest
Starting age
Dark Age
Ending age
Imperial Age
RankedLock teamsTeams togetherTeam positionsShared explorationLock speedFull tech treeHidden civsTurbo modeCheats
Victory
Defeat
1498
+15
🇭🇰 Wu · Hong Kong SAR China
1477
+16
🇨🇳 Persians · China
1464
+17
🇧🇷 Bohemians · Brazil
1459
+17
🇹🇷 Wu · Türkiye
1505
-17
🇹🇷 Mapuche · Türkiye
1488
-17
🇨🇭 Muisca · Switzerland
1471
-16
🇶🇦 Malay · Qatar
1453
-15
逆·风
0:42 Loom
12:27 Feudal Age
13:35 Double-Bit Axe
13:31 Horse Collar
13:34 Man-at-Arms
21:36 Wheelbarrow
25:51 Castle Age
24:33 Fletching
24:44 Padded Archer Armor
25:56 Crossbowman
26:33 Bodkin Arrow
26:50 Bow Saw
26:40 Heavy Plow
27:32 Town Watch
28:14 Fervor
29:58 Sanctity
33:30 Masonry
36:20 Imperial Age
34:37 Ballistics
33:59 Treadmill Crane
35:24 Hand Cart
35:45 Leather Archer Armor
37:41 Chemistry
36:47 Murder Holes
36:17 Elite Skirmisher
37:25 Conscription
37:43 Bracer
38:17 Ring Archer Armor
39:07 Scale Mail Armor
39:17 Forging
42:05 Two-Man Saw
41:10 Heavy Plow
42:01 Wagenburg Tactics
42:46 Chain Mail Armor
43:53 Town Patrol
43:15 Pikeman
43:56 Squires
43:42 Arson
44:34 Iron Casting
44:50 Elite Hussite Wagon
46:17 Hussite Reforms
46:49 Coinage
48:39 Plate Mail Armor
49:10 Blast Furnace
48:43 Halberdier
49:30 Scale Barding Armor
49:33 Siege Engineers
49:59 Architecture
49:27 Murder Holes
あおぞら ひかり
3:32 Loom
10:53 Feudal Age
15:32 Castle Age
13:25 Double-Bit Axe
13:20 Horse Collar
16:47 Bow Saw
16:36 Town Watch
19:14 Wheelbarrow
21:36 Gold Mining
22:04 Fletching
26:32 Gold Shaft Mining
25:49 Stone Mining
26:03 Heavy Plow
30:03 Imperial Age
27:55 Bodkin Arrow
28:02 Padded Archer Armor
28:57 Nomads
29:52 Ballistics
30:56 Bloodlines
30:47 Husbandry
31:04 Bracer
30:25 Elite Mangudai
31:26 Conscription
32:29 Chemistry
32:24 Parthian Tactics
32:16 Leather Archer Armor
32:09 Capped Ram
32:58 Thumb Ring
33:53 Drill
33:11 Siege Ram
34:38 Onager
35:56 Siege Onager
38:22 Light Cavalry
39:08 Scale Barding Armor
39:14 Forging
39:09 Caravan
40:02 Hussar
41:06 Chain Barding Armor
41:22 Iron Casting
45:30 Blast Furnace
48:18 Hand Cart
onon02122
0:32 Loom
11:48 Feudal Age
12:30 Double-Bit Axe
18:40 Castle Age
17:11 Horse Collar
19:48 Bow Saw
19:44 Heavy Plow
26:23 Wheelbarrow
26:23 Gold Mining
26:42 Stone Mining
28:03 Stone Shaft Mining
28:27 Pikeman
29:10 Squires
28:55 Arson
29:30 Masonry
31:01 Gold Shaft Mining
33:50 Imperial Age
31:41 Hand Cart
31:11 Town Watch
31:46 Scale Mail Armor
31:56 Forging
33:09 Chain Mail Armor
34:50 Iron Casting
36:06 Man-at-Arms
38:03 Conscription
39:04 Elite Skirmisher
40:34 Halberdier
43:49 Plate Mail Armor
44:20 Blast Furnace
43:10 Fletching
43:21 Padded Archer Armor
44:31 Fletching
46:20 Two-Man Saw
45:53 Bodkin Arrow
47:43 Bracer
739697286
10:55 Feudal Age
14:54 Castle Age
14:41 Loom
14:45 Double-Bit Axe
14:47 Horse Collar
16:49 Heavy Plow
17:03 Bow Saw
22:49 Gold Mining
24:07 Wheelbarrow
23:17 Town Watch
24:07 Wheelbarrow
26:23 Hand Cart
27:30 Gold Shaft Mining
27:44 Stone Mining
30:37 Imperial Age
31:12 Stone Shaft Mining
32:22 Chemistry
31:35 Forging
31:31 Scale Barding Armor
32:05 Squires
31:26 Pikeman
32:08 Scale Mail Armor
31:59 Fletching
32:09 Padded Archer Armor
32:34 Masonry
31:48 Cavalier
32:39 Bloodlines
32:29 Husbandry
33:17 Conscription
33:23 Savar
36:06 Chain Barding Armor
36:21 Iron Casting
36:06 Chain Barding Armor
36:21 Iron Casting
37:25 Two-Man Saw
38:06 Plate Barding Armor
39:04 Hoardings
39:35 Light Cavalry
41:28 Blast Furnace
43:51 Hussar
46:13 Coinage
45:44 Caravan
47:51 Crop Rotation
JAxys
10:49 Feudal Age
14:23 Castle Age
12:13 Double-Bit Axe
14:15 Champi Runner
18:20 Forging
17:49 Champi Warrior
20:39 Loom
22:03 Horse Collar
24:36 Wheelbarrow
27:27 Heavy Plow
32:43 Imperial Age
30:53 Fletching
31:03 Padded Archer Armor
31:52 Ballistics
31:30 Bodkin Arrow
32:31 Leather Archer Armor
31:58 Crossbowman
32:43 Thumb Ring
33:38 Gold Mining
33:47 Arbalester
37:46 Bracer
38:18 Bow Saw
39:22 Pikeman
40:53 Elite Temple Guard
43:38 Scale Mail Armor
JanChess
4:13 Loom
10:47 Feudal Age
9:57 Man-at-Arms
13:50 Double-Bit Axe
14:36 Horse Collar
18:25 Gold Mining
19:01 Stone Mining
19:17 Fletching
25:02 Castle Age
25:08 Wheelbarrow
28:29 Imperial Age
26:42 Bow Saw
26:53 Guard Tower
27:04 Bodkin Arrow
28:12 Bracer
29:22 Chemistry
29:14 Bracer
29:52 Crossbowman
32:14 Arbalester
33:44 Thumb Ring
35:40 Padded Archer Armor
37:01 Ballistics
38:34 Keep
42:15 Hand Cart
41:45 Town Watch
42:32 Conscription
44:48 Siege Engineers
44:40 Murder Holes
45:16 Masonry
48:05 Leather Archer Armor
47:56 Treadmill Crane
USTA
1:06 Loom
10:40 Feudal Age
10:46 Man-at-Arms
12:19 Double-Bit Axe
17:28 Horse Collar
21:17 Fletching
23:52 Castle Age
22:24 Fletching
22:29 Stone Mining
23:56 Town Watch
24:47 Wheelbarrow
26:06 Gold Mining
30:39 Imperial Age
29:27 Bow Saw
30:33 Gold Shaft Mining
34:56 Scale Mail Armor
36:16 Forging
36:48 Chain Mail Armor
36:10 Pikeman
36:51 Squires
38:50 Plate Mail Armor
37:55 Halberdier
41:02 Squires
41:39 Iron Casting
41:23 Hand Cart
43:37 Blast Furnace
swipp
10:23 Feudal Age
10:06 Loom
15:06 Castle Age
13:23 Double-Bit Axe
13:23 Horse Collar
16:11 Bow Saw
19:34 Wheelbarrow
22:00 Heavy Plow
23:00 Hand Cart
23:05 Stone Mining
24:40 Gold Mining
25:29 Stone Shaft Mining
27:52 Imperial Age
26:14 Fletching
26:25 Padded Archer Armor
26:48 Ballistics
27:05 Bodkin Arrow
28:11 Leather Archer Armor
27:54 Elite Bolas Rider
29:46 Chemistry
30:37 Ring Archer Armor
30:22 Butalmapu
30:42 Malon
30:44 Elite Skirmisher
31:49 Champi Runner
32:50 Scale Mail Armor
33:11 Champi Warrior
34:24 Chain Mail Armor
34:20 Forging
34:32 Conscription
34:36 Elite Champi Warrior
35:47 Plate Mail Armor
36:54 Iron Casting
39:53 Blast Furnace
42:54 Coinage
Connection lost

Rejoining the realm…

Still unreachable

The connection could not be restored.

Session expired

The server has moved on; the page needs a fresh start.